Map: Blackrock LE

Players

Halo - Winner!

  • Race: Zerg Zerg

A.I. 1 (Harder)

  • Race: Zerg Zerg

VOD

Have the link to the VOD?

Description

Time

  • Played on: Aug. 5, 2026, 1:39 p.m.
  • Length: 15:17
Show
View Real Time Build Order
Export as new Build Order

Halo Zerg - Winner!

Build Orders: Hatch First 

Get SALT Encoding   

  8  0:00  Drone  
  9  0:10  Drone  
  10  0:16  Drone  
  11  0:21  Drone  
  11  0:28  Extractor  
  11  0:30  Drone  
  13  0:40  Overlord  
  13  0:58  Drone x2  
  15  1:13  Hatchery  
  15  1:17  Drone  
  15  1:21  Drone  
  16  1:37  Extractor  
  15  1:40  Spawning Pool  
  15  1:41  Drone  
  15  1:46  Drone  
  16  1:49  Drone  
  16  1:53  Drone  
  18  2:01  Drone  
  19  2:11  Overlord  
  19  2:27  Zergling x4  
  21  2:33  Queen x2  
  25  2:37  Drone  
  25  2:40  Drone  
  25  2:43  Drone  
  28  2:49  Metabolic Boost  
  28  2:57  Overlord  
  28  3:03  Overlord  
  28  3:06  Drone  
  28  3:09  Drone  
  28  3:11  Drone  
  31  3:30  Drone  
  31  3:32  Hatchery  
  31  3:33  Drone  
  32  3:35  Drone  
  33  3:51  Queen  
  33  3:52  Queen  
  33  3:54  Drone  
  38  3:57  Drone  
  38  4:00  Drone  
  38  4:01  Drone  
  41  4:04  Drone  
  41  4:05  Drone  
  43  4:11  Overlord  
  43  4:14  Overlord  
  43  4:28  Drone  
  43  4:29  Drone x5  
  49  4:50  Extractor  
  48  4:53  Baneling Nest  
  48  4:54  Drone  
  48  5:03  Zergling x2  
  48  5:04  Zergling x14  
  56  5:13  Drone  
  56  5:14  Drone x6  
  62  5:20  Overlord x2  
  63  5:43  Drone x4  
  63  5:44  Drone x4  
  63  5:45  Drone  
  63  5:46  Zergling x10  
  77  5:50  Lair  
  77  5:51  Evolution Chamber, Drone  
  77  5:52  Drone, Evolution Chamber  
  77  6:05  Overlord x3  
  77  6:06  Zergling x2  
  77  6:07  Zergling x10  
  83  6:12  Zergling x2  
  84  6:19  Zerg Melee Weapons Level 1, Zerg Ground Armor Level 1  
  84  6:23  Overlord x3  
  85  6:25  Zergling x6  
  85  6:26  Zergling x2  
  88  6:37  Overlord x3  
  88  6:38  Zergling x6  
  88  6:39  Zergling x2  
  92  6:42  Zergling x8  
  92  6:45  Baneling x3  
  92  6:46  Baneling x19  
  96  7:04  Zergling x22  
  96  7:06  Centrifugal Hooks  
  107  7:27  Drone x2  
  107  7:29  Zergling x12  
  115  7:40  Hatchery  
  115  7:44  Zergling x8  
  115  7:50  Hatchery  
  117  8:08  Baneling  
  117  8:22  Extractor  
  117  8:25  Drone x2  
  118  8:29  Zerg Melee Weapons Level 2, Zerg Ground Armor Level 2  
  118  8:31  Overlord x3  
  118  8:32  Zergling x2  
  118  8:33  Zergling x28  
  133  8:55  Drone  
  133  8:56  Drone x11  
  145  9:28  Extractor  
  144  9:38  Queen  
  144  9:39  Queen  
  144  9:41  Overlord x3  
  144  9:44  Zergling x40  
  91  10:10  Zergling x20  
  91  10:11  Zergling x4  
  98  10:20  Queen  
  100  10:23  Drone x15  
  100  10:25  Drone  
  116  11:00  Zerg Missile Weapons Level 1  
  116  11:08  Infestation Pit, Drone x2  
  116  11:09  Hydralisk Den  
  116  11:23  Zergling x30  
  116  11:24  Zergling x6  
  134  11:30  Extractor  
  134  11:31  Extractor  
  132  11:55  Zergling x8  
  132  11:56  Zergling x22  
  147  12:02  Drone  
  147  12:03  Drone x3  
  147  12:05  Drone x8  
  159  12:22  Baneling x11  
  159  12:23  Baneling x8  
  159  12:26  Hydralisk x10  
  159  12:27  Hydralisk x4  
  187  12:31  Hydralisk x6  
  199  12:37  Muscular Augments  
  199  12:39  Neural Parasite  
  199  12:42  Hive  
  199  13:41  Grooved Spines  
  178  13:57  Hydralisk x3  
  178  13:58  Hydralisk x8  
  183  14:35  Hydralisk x8  
Show
View Real Time Build Order
Export as new Build Order

A.I. 1 (Harder) Zerg 

Build Orders: Hatch First, Lurkers 

Get SALT Encoding   

  8  0:00  Drone  
  9  0:11  Drone  
  10  0:16  Drone  
  11  0:22  Drone  
  12  0:34  Overlord  
  12  0:52  Drone  
  12  0:53  Drone x2  
  15  1:02  Drone  
  16  1:13  Drone  
  17  1:21  Hatchery  
  17  1:24  Drone  
  17  1:41  Spawning Pool  
  17  1:42  Drone  
  17  1:46  Drone  
  18  1:49  Extractor  
  18  1:52  Drone  
  18  2:02  Overlord  
  18  2:12  Drone  
  19  2:29  Zergling x2  
  20  2:30  Queen  
  20  2:32  Zergling x2  
  20  2:33  Roach Warren  
  20  2:34  Drone  
  20  2:36  Extractor  
  22  2:42  Drone  
  23  2:57  Lair  
  23  3:14  Roach  
  23  3:17  Extractor  
  24  3:25  Overlord  
  24  3:28  Drone, Extractor  
  24  3:32  Drone  
  25  3:36  Drone  
  26  3:43  Drone  
  26  3:47  Drone  
  28  3:52  Drone  
  29  3:56  Drone  
  29  3:58  Hydralisk Den  
  29  4:00  Drone  
  30  4:03  Drone  
  30  4:07  Drone  
  32  4:10  Overlord  
  32  4:17  Drone  
  33  4:26  Drone  
  33  4:27  Hydralisk  
  33  4:30  Lurker Den  
  33  4:31  Drone  
  36  4:35  Drone  
  36  4:37  Drone  
  38  4:42  Roach  
  40  4:53  Overlord  
  40  4:57  Roach  
  42  5:10  Hydralisk  
  42  5:11  Drone  
  45  5:14  Drone  
  45  5:19  Overlord  
  46  5:23  Drone  
  46  5:24  Hydralisk  
  46  5:25  Drone  
  50  5:29  Drone  
  50  5:31  Drone  
  50  5:34  Drone  
  53  5:37  Drone  
  53  5:39  Drone, Lurker  
  53  5:42  Hydralisk  
  55  5:46  Overlord  
  57  5:52  Drone  
  57  5:53  Drone  
  57  5:55  Drone  
  60  5:57  Lurker  
  60  5:59  Hydralisk  
  63  6:05  Drone  
  63  6:06  Overlord  
  63  6:08  Drone  
  65  6:16  Evolution Chamber, Drone  
  65  6:19  Drone  
  65  6:21  Drone  
  65  6:22  Drone  
  65  6:24  Drone  
  69  6:26  Drone  
  69  6:31  Drone  
  71  6:34  Overlord  
  71  6:41  Drone  
  71  6:42  Zerg Melee Weapons Level 1  
  71  6:44  Drone  
  73  6:47  Drone, Burrow  
  73  6:49  Drone  
  73  6:50  Drone  
  73  6:53  Roach  
  78  6:55  Overlord  
  78  7:07  Ravager, Roach  
  81  7:16  Overlord  
  81  7:21  Roach  
  83  7:23  Overseer x2  
  83  7:26  Baneling Nest  
  83  7:27  Spore Crawler  
  83  7:28  Drone  
  82  7:30  Spore Crawler  
  82  7:31  Drone  
  82  7:34  Spore Crawler  
  82  7:35  Hydralisk  
  82  7:36  Spore Crawler  
  82  7:37  Drone  
  82  7:41  Queen  
  85  7:44  Overlord  
  85  7:49  Hydralisk  
  87  7:54  Infestation Pit  
  87  7:56  Drone  
  87  7:57  Spine Crawler  
  87  7:58  Queen, Drone  
  87  8:03  Spine Crawler, Drone  
  87  8:04  Roach  
  91  8:07  Spine Crawler  
  91  8:08  Drone  
  91  8:11  Spine Crawler  
  91  8:12  Drone  
  91  8:18  Hydralisk  
  91  8:19  Spire  
  92  8:20  Drone, Evolution Chamber  
  92  8:32  Hydralisk  
  92  8:33  Lurker x2  
  96  8:37  Zerg Ground Armor Level 1  
  96  8:46  Zerg Missile Weapons Level 1  
  96  8:47  Hydralisk  
  98  9:13  Swarm Host  
  98  9:14  Pneumatized Carapace, Overlord  
  101  9:17  Overseer  
  101  9:21  Swarm Host  
  101  9:22  Hatchery  
  101  9:23  Hive  
  103  9:33  Overlord  
  103  9:49  Zergling x2  
  103  9:56  Glial Reconstitution  
  103  10:01  Hydralisk  
  78  10:09  Hydralisk  
  74  10:17  Roach  
  70  10:25  Roach  
  72  10:30  Zerg Melee Weapons Level 2  
  72  10:33  Viper  
  72  10:34  Drone x2, Queen  
  72  10:35  Drone x2, Ultralisk Cavern  
  80  10:36  Drone x3  
  80  10:37  Drone x3, Spore Crawler  
  80  10:38  Drone  
  80  10:39  Spore Crawler, Hydralisk, Drone, Zerg Ground Armor Level 2  
  88  10:45  Extractor, Drone  
  88  10:46  Spore Crawler, Extractor, Drone x2  
  88  10:47  Hydralisk  
  90  10:55  Hydralisk  
  92  11:03  Hydralisk, Lurker x2  
  96  11:05  Spine Crawler  
  96  11:06  Drone  
  96  11:07  Spine Crawler  
  96  11:09  Drone  
  96  11:11  Hydralisk  
  98  11:19  Lurker  
  98  11:20  Lurker, Ravager, Roach  
  103  11:27  Hydralisk  
  103  11:32  Zerg Flyer Weapons Level 1  
  105  11:35  Hydralisk  
  107  11:44  Ultralisk  
  113  12:48  Hatchery  
  113  12:50  Drone  
  113  13:35  Corruptor  
  113  13:36  Overlord  
  113  13:41  Zergling x2  
  116  13:42  Zergling x2  
  116  13:43  Roach x3, Zergling x4  
  116  13:44  Zergling x2, Roach, Mutalisk  
  116  13:45  Zergling x2, Mutalisk x2, Roach  
  116  13:46  Roach  
  116  13:48  Queen  
  95  13:51  Drone x4, Mutalisk  
  95  13:52  Drone x3  
  95  13:53  Drone x4  
  95  13:54  Drone x3  
  95  13:55  Drone x2  
  85  13:57  Spine Crawler  
  85  14:00  Drone x2, Roach x2  
  85  14:02  Spine Crawler, Drone  
  84  14:04  Drone  
  84  14:07  Overseer  
  84  14:09  Zergling x2  
  76  14:10  Drone x2, Zergling x2  
  76  14:11  Zergling x2, Extractor  
  76  14:13  Overlord  
  76  14:14  Drone  
  76  14:17  Zergling x2, Drone x2  
  65  14:20  Zergling x4  
  45  14:24  Roach  
  29  14:33  Overseer  
  29  14:34  Drone  
  26  14:44  Corruptor  
  25  14:48  Drone x2  
  25  14:51  Drone  
Tags
 
Composition
Lurkers
Matchup
ZvZ
Race
Zerg
Add a new tag
Caveats
  • Supply blocks, unpowered buildings, or Contaminate may cause inaccurate times.
  • Supply counts are checked every 10 seconds.